 Dungeon Crawl Stone Soup version 0.28.0 (webtiles) character file.

Game seed: 17754403126763573281

78 HallandMoats the Skirmisher (level 4, -7/35 HPs)
             Began as a Demonspawn Monk on Feb 6, 2022.
             Was a Believer of Trog.
             Killed by nerve-wracking pain
             ... invoked by Grinder
              (12 damage)
             ... while paralysed by Grinder
             ... on level 3 of the Dungeon.
             The game lasted 00:02:23 (2929 turns).

HallandMoats the Skirmisher (Demonspawn Monk)       Turns: 2929, Time: 00:02:23

Health: -7/35      AC: 10    Str: 13    XL:     4   Next: 15%
Magic:  4/4        EV:  2    Int: 11    God:    Trog [**....]
Gold:   94         SH:  0    Dex: 16    Spells: 3/3 levels left

rFire   . . .      SeeInvis .   a - +0 hand axe
rCold   + . .      Faith    .   (no shield)
rNeg    . . .      Spirit   .   h - +0 plate armour
rPois   +          Reflect  .   (helmet restricted)
rElec   .          Harm     .   (no cloak)
rCorr   .          Rampage  .   (no gloves)
Will    .....                   (no boots)
Stlth   ..........              (no amulet)
HPRegen 0.11/turn               c - ring of poison resistance
MPRegen 0.09/turn               e - ring of protection from cold

@: paralysed
A: antennae 1, demonic guardian 1, weakness stinger 1
a: Renounce Religion, Berserk, Trog's Hand


You were on level 3 of the Dungeon.
You worshipped Trog.
Trog was pleased with you.
You visited 1 branch of the dungeon, and saw 3 of its levels.

You collected 94 gold pieces.

Inventory:

Hand Weapons
 a - a +0 hand axe (weapon)
Armour
 h - a +0 plate armour (worn)
Jewellery
 c - a ring of poison resistance (left hand)
 e - a ring of protection from cold (right hand)
Wands
 b - a wand of charming (9)
Scrolls
 d - a scroll of magic mapping {unknown}
 i - a scroll of immolation {unknown}
 j - a scroll of identify {unknown}
Potions
 g - a potion of haste {unknown}
 k - a potion of magic {unknown}


   Skills:
 + Level 3.5 Fighting
 - Level 2.8 Axes
 + Level 1.0 Armour
 + Level 3.2 Dodging
 - Level 2.0 Stealth
 * Level 1.6 Unarmed Combat


You had 3 spell levels left.
You didn't know any spells.
Your spell library contained the following spells:

 Spells                   Type           Power      Damage    Failure   Level
 Dazzling Flash           Conj/Hex       0%         N/A       100%        3
 Iskenderun's Mystic Bla  Conj/Tloc      0%         2d3       100%        4
 Starburst                Conj/Fire      0%         6d3       100%        6


Dungeon Overview and Level Annotations

Branches:
Dungeon (3/15)

Altars:
Dithmenos
Trog

Annotations:
D:3 Grinder


Innate Abilities, Weirdness & Mutations

You have a pair of small antennae on your head.
A weak demonic guardian rushes to your aid.
You have a small tail.


Message History

You feel better. Grinder gestures at you.
You suddenly lose the ability to move!
Grinder hits you.
You writhe in agony.
* * * LOW HITPOINT WARNING * * *
You can move again.
Unknown command.
Unknown command.
Unknown command.
Unknown command.
Unknown command.
You feel better.
Your iron imp barely misses Grinder.
Grinder hits you.
* * * LOW HITPOINT WARNING * * *
Unknown command.
Unknown command.
Unknown command.
Unknown command.
You feel better.
Your iron imp hits Grinder.
Grinder hits you.
You writhe in agony.
* * * LOW HITPOINT WARNING * * *
Unknown command.
Unknown command.
Unknown command.
You barely miss Grinder.
Grinder is lightly wounded.
Grinder hits you.
* * * LOW HITPOINT WARNING * * *
You writhe in agony.
* * * LOW HITPOINT WARNING * * *
Your iron imp barely misses Grinder.
You hit Grinder but do no damage.
Grinder is lightly wounded.
Grinder gestures at you.
You suddenly lose the ability to move!
Your iron imp hits Grinder!
Grinder hits you but does no damage.
Your iron imp closely misses Grinder.
Grinder blinks!
Your iron imp closely misses Grinder.
Grinder gestures at you. Pain shoots through your body!
You die...

#....#......###....
.........##.............
.........##.............
...#.....##.............
..##.....##............#
..##......#....#.......#
####......#....#.5.....#
#......#......5.....#
.#<..........)@§.....#
............#..†..######
............#...(.#
............#.....##
...............>....#
..#.......#.........#
....##....#..###....#
.#) ######..#⌠#....# #
#..###....#


You could see Grinder (ally target) and a friendly iron imp (summoned).

Vanquished Creatures
  3 adders (D:2)
  A worm (D:2)
  A dart slug (D:2)
  4 endoplasms
  2 giant cockroaches (D:1)
  4 goblins
  5 hobgoblins
  2 jackals (D:2)
  3 kobolds
  2 quokkas (D:1)
  4 ball pythons
  4 bats
  2 frilled lizards (D:2)
  8 rats
45 creatures vanquished.

Notes
Turn   | Place    | Note
-------+----------+-------------------------------------------
     0 | D:1      | HallandMoats the Demonspawn Monk began the quest for the
                  | Orb.
     0 | D:1      | Reached XP level 1. HP: 18/18 MP: 1/1
   270 | D:1      | Discovered your monstrous ancestry.
   270 | D:1      | Gained mutation: You have a small tail. [demonic ancestry]
   270 | D:1      | Reached XP level 2. HP: 24/24 MP: 2/2
  1730 | D:2      | Reached skill level 1 in Unarmed Combat
  1730 | D:2      | Gained mutation: A weak demonic guardian rushes to your
                  | aid. [demonic ancestry]
  1730 | D:2      | Reached XP level 3. HP: 7/29 MP: 3/3
  2160 | D:2      | Found a shadowy altar of Dithmenos.
  2639 | D:2      | Reached skill level 1 in Armour
  2639 | D:2      | Gained mutation: You have a pair of small antennae on your
                  | head. [demonic ancestry]
  2639 | D:2      | Reached XP level 4. HP: 35/35 MP: 4/4
  2710 | D:2      | Found a faded altar of an unknown god.
  2716 | D:2      | Prayed at the altar of an unknown god.
  2716 | D:2      | Became a worshipper of Trog the Wrathful
  2716 | D:2      | Reached * piety under Trog
  2716 | D:2      | Reached ** piety under Trog
  2907 | D:3      | Noticed Grinder
  2921 | D:3      | Paralysed by Grinder for 2 turns
  2926 | D:3      | Paralysed by Grinder for 7 turns
  2929 | D:3      | Killed from afar by Grinder

Illustrated notes

Levels and vault maps discovered:
D:1:      dpeg_arrival_ratfight, layout_basic
D:2:      layout_basic, shapermc_ecumenical_altar_mp_highgroup, basic_altar
D:3:      layout_basic, feat_on_display, uniq_grinder

Skill      XL: |  1  2  3 |
---------------+----------+-----
Stealth        | 2 |  2.0
Dodging        | 3 |  3.2
Unarmed Combat | 1 |  1.6
Armour         | 1 |  1.0
Fighting       | |  3.5
Axes           | |  2.8

Action                   |  1- 3 |  4- 6 || total
-------------------------+-------+-------++-------
Melee: Hand axe          |   148 |    14 ||   162
       Tailslap          |    10 |       ||    10
       Punch             |     2 |       ||     2
  Use: Potion            |       |     4 ||     4
 Stab: Sleeping          |     3 |       ||     3
Armor: Robe              |    20 |       ||    20
       Plate armour      |    45 |    11 ||    56
Dodge: Dodged            |    80 |       ||    80
